 Dungeon Crawl Stone Soup version 0.20-a0-33-g996f6e0 (webtiles) character file.

3610 KristoblXynda the Covert (level 9, -6/39 HPs)
             Began as a Spriggan Enchanter on Nov 9, 2016.
             Was a Believer of Nemelex Xobeh.
             Incinerated by a mottled dragon (7 damage)
             ... with a sticky flame
             ... on level 9 of the Dungeon.
             The game lasted 00:20:08 (10544 turns).

KristoblXynda the Covert (Spriggan Enchanter)      Turns: 10544, Time: 00:20:09

Health: -6/39      AC:  4    Str:  5    XL:     9   Next: 86%
Magic:  10/18      EV: 18    Int: 18    God:    Nemelex Xobeh [**....]
Gold:   444        SH:  0    Dex: 17    Spells: 4 memorised, 10 levels left

rFire  . . .     SeeInvis +     k - +2 short sword (flame)
rCold  . . .     Gourm    .     b - +2 robe
rNeg   . . .     Faith    .     (shield restricted)
rPois  .         Spirit   .     (helmet restricted)
rElec  .         Reflect  .     (no cloak)
rCorr  .         Harm     .     (gloves unavailable)
MR     +....                    (boots unavailable)
Stlth  ++........               (no amulet)
                                H - ring of flight
                                t - ring of wizardry

@: liquid flames, glowing, very quick
A: unfitting armour, see invisible, herbivore 3, speed 3, slow metabolism 2
a: Renounce Religion, Evoke Flight


You were on level 9 of the Dungeon.
You worshipped Nemelex Xobeh.
Nemelex Xobeh was pleased with you.
You were not hungry.

You visited 2 branches of the dungeon, and saw 10 of its levels.

You collected 444 gold pieces.

Inventory:

Hand Weapons
 k - a +2 short sword of flaming (weapon)
 m - a +2 dagger of draining
 r - a +3 dagger of venom
Armour
 b - a +2 robe (worn)
Jewellery
 g - an uncursed ring of resist corrosion
 t - a ring of wizardry (left hand)
 w - an uncursed ring of protection from cold
 H - a ring of flight (right hand)
Wands
 x - a wand of paralysis (13/24)
 D - a wand of disintegration (12/24)
Scrolls
 e - 6 scrolls of remove curse
 l - a scroll of enchant armour
 o - 2 scrolls of immolation
 p - a scroll of magic mapping
 q - 3 scrolls of recharging
 z - 3 scrolls of teleportation
Potions
 a - a potion of cancellation
 f - a potion of curing
 h - 2 potions of might
 i - a potion of cure mutation {unknown}
 n - 3 potions of flight
 s - 2 potions of lignification
 u - 3 potions of resistance
 B - a potion of heal wounds
 C - 3 potions of brilliance
 F - a potion of agility {unknown}
Books
 c - a book of Maledictions

   Spells                             Type                      Level
   a - Corona                         Hexes                        1
   b - Ensorcelled Hibernation        Hexes/Ice                    2
   c - Confuse                        Hexes                        3
   d - Tukima's Dance                 Hexes                        3
   e - Dazzling Spray                 Conjuration/Hexes            3
 v - Vehumet's Handbook of Conjuration
   (You found it on level 4 of the Dungeon)

   Spells                             Type                      Level
   a - Magic Dart                     Conjuration                  1
 A - a book of Power

   Spells                             Type                      Level
   a - Fulminant Prism                Conjuration/Hexes            4
   b - Iskenderun's Mystic Blast      Conjuration                  4
   c - Venom Bolt                     Conjuration/Poison           5
   d - Bolt of Magma                  Conjuration/Fire/Earth       5
   e - Iron Shot                      Conjuration/Earth            6
   f - Orb of Destruction             Conjuration                  7
   g - Spellforged Servitor           Conjuration/Summoning        7
Miscellaneous
 y - an ornate deck of summoning {drawn: 1}
 E - a plain deck of summoning
 G - an ornate deck of escape
 I - an ornate deck of destruction
Comestibles
 d - 3 bread rations
 j - 13 fruits


   Skills:
 - Level 4.2 Short Blades
 - Level 3.0 Dodging
 - Level 10.3 Stealth
 - Level 5.8 Spellcasting
 - Level 2.0 Conjurations
 + Level 10.0 Hexes
 + Level 5.9 Invocations
 + Level 6.0 Evocations


You had 10 spell levels left.
You knew the following spells:

 Your Spells              Type           Power        Failure   Level  Hunger
a - Corona                Hex            #####..      1%          1    None
b - Ensorcelled Hibernat  Hex/Ice        ###...       1%          2    None
c - Confuse               Hex            #####...     1%          3    ##.....
d - Dazzling Spray        Conj/Hex       ####..       1%          3    ##.....


Dungeon Overview and Level Annotations

Branches:
Dungeon (9/15)             Temple (1/1) D:5
   Lair: D:8-11         Orc: D:9-12

Altars:
Ashenzari
Cheibriados
Dithmenos
Elyvilon
Fedhas
Gozag
Hepliaklqana
Kikubaaqudgha
Makhleb
Nemelex Xobeh
Okawaru
Qazlal
Ru
Sif Muna
Trog
Uskayaw
Vehumet
Xom
Yredelemnul
Zin
The Shining One
Jiyva

Shops:
D:6 *


Innate Abilities, Weirdness & Mutations

You are very small and have problems with some larger weapons.
You are too small for most types of armour.
You have supernaturally acute eyesight. (SInv)
You are a herbivore.
You cover ground extremely quickly.
You need consume almost no food.


Message History

You are covered in liquid flames!
You feel better.
You are covered in liquid flames!
You are covered in liquid flames!
You barely miss the mottled dragon.
The mottled dragon is lightly wounded.
You are covered in liquid flames!
You are covered in liquid flames!
You barely miss the mottled dragon.
The mottled dragon is lightly wounded.
You are covered in liquid flames!
The worker ant barely misses you. The mottled dragon bites you!
* * * LOW HITPOINT WARNING * * *
The mottled dragon closely misses you.
You strike the helpless mottled dragon from behind!
You impale the mottled dragon!! You burn the mottled dragon.
The mottled dragon is almost dead.
You are covered in liquid flames!
You die...
Your body disappears without additional glow.

..........###.#
#..............#
##..............# #####
.................#
.....
.................# ....
#....>......###.#
.###..##...........#
#.#
...................#
#.#
......D@...........# .#
..#....a...........# .#
#...........$....# .#
#................# .#
.............$.......
......................
.......................
.###...................
....................


You could see a mottled dragon (confused) and a worker ant.

Vanquished Creatures
  Psyche (D:8)
  A hippogriff (D:8)
  Menkaure (D:7)
  A water moccasin (D:7)
  3 ice beasts (D:7)
  2 orc warriors (D:8)
  A necrophage (D:8)
  A phantom (D:4)
  3 centaurs
  4 ogres
  2 bullfrogs (D:7)
  A water moccasin skeleton (D:7)
  3 wights (D:8)
  3 howler monkeys
  2 crimson imps (D:7)
  6 orc priests
  A jelly (D:7)
  A gnoll shaman (D:5)
  2 hounds
  10 orc wizards
  A centaur skeleton (D:6)
  Ijyb (D:2)
  4 iguanas
  3 worker ants
  A hound skeleton (D:8)
  Robin (D:2)
  2 worker ant zombies
  15 gnolls
  11 adders
  An adder skeleton (D:4)
  4 worms
  A dart slug (D:1)
  6 leopard geckos
  24 orcs
  8 bats
  5 giant cockroaches
  15 goblins
  8 hobgoblins
  9 jackals
  4 quokkas
  A ball python (D:3)
  5 frilled lizards
  A jackal zombie (D:6)
  6 kobolds
  A quokka skeleton (D:8)
  7 rats
194 creatures vanquished.

Vanquished Creatures (collateral kills)
  An orc priest (D:5)
  4 orcs (D:5)
5 creatures vanquished.

Grand Total: 199 creatures vanquished

Notes
Turn   | Place    | Note
-------+----------+-------------------------------------------
     0 | D:1      | KristoblXynda the Spriggan Enchanter began the quest for the Orb.
     0 | D:1      | Reached XP level 1. HP: 9/9 MP: 5/5
   229 | D:1      | Reached XP level 2. HP: 13/13 MP: 7/7
   234 | D:1      | Learned a level 2 spell: Ensorcelled Hibernation
   527 | D:1      | Reached skill level 5 in Stealth
  1270 | D:2      | Noticed Robin
  1272 | D:2      | Noticed Ijyb
  1299 | D:2      | Killed Ijyb
  1299 | D:2      | Reached XP level 3. HP: 14/16 MP: 9/9
  1329 | D:2      | Killed Robin
  1329 | D:2      | Reached XP level 4. HP: 6/21 MP: 6/11
  1911 | D:2      | Reached XP level 5. HP: 24/24 MP: 12/12
  2492 | D:3      | Reached skill level 5 in Hexes
  2883 | D:3      | Learned a level 3 spell: Confuse
  3397 | D:4      | Found a shadowy altar of Dithmenos.
  3459 | D:4      | Reached XP level 6. HP: 22/28 MP: 12/14
  3546 | D:4      | Reached skill level 5 in Spellcasting
  4167 | D:4      | Found a deep blue altar of Sif Muna.
  4167 | D:4      | Found an ancient bone altar of Kikubaaqudgha.
  4169 | D:4      | Found a radiant altar of Vehumet.
  4178 | D:4      | Identified Vehumet's Handbook of Conjuration
  4184 | D:4      | Learned a level 3 spell: Dazzling Spray
  4209 | D:5      | Entered Level 5 of the Dungeon
  4555 | D:5      | Reached XP level 7. HP: 26/32 MP: 11/16
  4720 | D:5      | Found a staircase to the Ecumenical Temple.
  4729 | Temple   | Entered the Ecumenical Temple
  4861 | Temple   | Became a worshipper of Nemelex Xobeh the Trickster
  4895 | D:5      | Received a gift from Nemelex Xobeh
  5147 | D:5      | Reached skill level 1 in Conjurations
  5629 | D:5      | Reached XP level 8. HP: 29/36 MP: 17/17
  5659 | D:5      | Found a burning altar of Makhleb.
  6413 | D:6      | Reached * piety under Nemelex Xobeh
  6499 | D:6      | Reached skill level 10 in Stealth
  7182 | D:6      | Received a gift from Nemelex Xobeh
  7299 | D:6      | Found a bloodstained altar of Trog.
  7302 | D:6      | Found an opulent altar of Gozag.
  7305 | D:6      | Found a shattered altar of Ashenzari.
  7461 | D:6      | Found Xecisyog's General Store.
  7598 | D:7      | Reached skill level 1 in Invocations
  8381 | D:7      | Reached skill level 1 in Evocations
  8381 | D:7      | Reached XP level 9. HP: 15/39 MP: 8/18
  8693 | D:7      | Noticed Menkaure
  8700 | D:7      | Killed Menkaure
  8785 | D:7      | Reached ** piety under Nemelex Xobeh
  8823 | D:7      | Received a gift from Nemelex Xobeh
  8998 | D:8      | Noticed Psyche
  9065 | D:8      | Killed Psyche
  9314 | D:8      | Reached skill level 5 in Invocations
  9395 | D:8      | Reached skill level 5 in Evocations
  9826 | D:8      | Reached skill level 10 in Hexes
 10494 | D:9      | Found a glowing silver altar of Zin.
 10497 | D:9      | Noticed an angel
 10500 | D:9      | Found a shimmering altar of Xom.
 10524 | D:9      | Received a gift from Nemelex Xobeh
 10543 | D:9      | HP: 1/39 [mottled dragon (11)]
 10544 | D:9      | Incinerated by a mottled dragon

Vault maps used:
D:1:      co_arrival_square_in_a_square_in_a_square, dk_noncrumbling_2
D:2:      st_stairs_7, kennysheep_generic_room_2, uniq_robin, uniq_iyjb
D:3:      minmay_misc_feat_alley
D:4:      grunt_temple_overflow_magic_moments, kennysheep_little_box,
          first_bread
D:5:      makhleb_blood_cavern_becter
D:6:      grunt_temple_overflow_diamond, serial_shops, nicolae_shop_waterfront,
          hex_medium, roderic_digamma_sauvastika
D:7:      uniq_menkaure
D:8:      uniq_psyche
D:9:      grunt_temple_overflow_order_and_chaos_1, serial_shops,
          nicolae_shop_overgrown_old_shop, jmf_multi_god_temple2
Temple:   pf_slime_end_temple

Skill      XL: |  1  2  3  4  5  6  7  8  9 |
---------------+----------------------------+-----
Spellcasting   | 3 4 5 |  5.8
Stealth        | 5 6 7 8 9 10 | 10.3
Hexes          | 4 5 6 7 8 10 | 10.0
Conjurations   | 2 |  2.0
Short Blades   | 4 |  4.2
Invocations    | 3 5 |  5.9
Evocations     | 1 6 |  6.0
Dodging        | |  3.0

Action                   |  1- 3 |  4- 6 |  7- 9 || total
-------------------------+-------+-------+-------++-------
Melee: Dagger            |   106 |       |   164 ||   270
       Short sword       |    37 |   166 |   161 ||   364
 Cast: Ensorcelled Hiber |     7 |    27 |    48 ||    82
       Confuse           |       |     5 |    19 ||    24
Evoke: Deck              |       |       |     1 ||     1
       Wand              |       |       |     4 ||     4
  Use: Scroll            |       |    10 |     9 ||    19
       Potion            |       |       |     7 ||     7
 Stab: Sleeping          |    10 |    28 |    45 ||    83
       Confused          |       |     3 |    10 ||    13
       Paralysed         |       |       |     2 ||     2
       Distracted        |       |       |     2 ||     2
  Eat: Fruit             |       |     1 |       ||     1
       Bread ration      |       |     1 |     1 ||     2
Armor: Robe              |    18 |    13 |    38 ||    69
       Skin              |       |       |    15 ||    15
Dodge: Dodged            |   133 |   127 |   222 ||   482
